 Dungeon Crawl Stone Soup version 0.19-a0-347-g6bb00b2 (webtiles) character file.

485 namelastname112 the Grave Robber (level 6, -4/35 HPs)
             Began as a Deep Elf Necromancer on May 29, 2016.
             Slain by Blork the orc
             ... wielding a +0 trident
              (12 damage)
             ... on level 4 of the Dungeon.
             The game lasted 00:07:06 (4122 turns).

namelastname112 the Grave Robber (DENe)             Turns: 4122, Time: 00:07:07

Health: -4/35      AC:  3    Str:  6    XL:     6   Next: 88%
Magic:  6/16       EV: 14    Int: 20    God:
Gold:   187        SH:  0    Dex: 16    Spells: 4 memorised, 7 levels left

rFire  . . .     SeeInvis .     z - +1 dagger (drain)
rCold  . . .     Gourm    .     a - +0 robe
rNeg   . . .     Faith    .     (no shield)
rPois  .         Spirit   .     x - +0 helmet
rElec  .         Dismiss  .     (no cloak)
rCorr  .         Reflect  .     (no gloves)
SustAt .         Harm     .     (no boots)
MR     .....                    (no amulet)
Stlth  +++.......               (no ring)
                                e - ring of stealth

@: regenerating (expiring), not resistant to hostile enchantments, fairly
stealthy
A: no striking features
a: no special abilities


You were on level 4 of the Dungeon.
You were not hungry.

You visited 1 branch of the dungeon, and saw 4 of its levels.

You collected 187 gold pieces.

Inventory:

Hand Weapons
 s - a +1 dagger of holy wrath
 z - a +1 dagger of draining (weapon)
Missiles
 y - 2 throwing nets (quivered)
Armour
 a - a +0 robe (worn)
 x - a +0 helmet (worn)
Jewellery
 e - a ring of stealth (left hand)
Wands
 h - a wand of lightning (8/15)
 B - a wand of acid (6/15)
Scrolls
 i - 2 scrolls of amnesia {unknown}
 l - a scroll of immolation {unknown}
 m - 2 scrolls of teleportation {unknown}
 o - a scroll of noise {unknown}
 q - 2 scrolls of fear {unknown}
 t - 7 scrolls of identify {unknown}
 w - a scroll of remove curse
Potions
 d - a potion of brilliance {unknown}
 f - 2 potions of heal wounds {unknown}
 j - a potion of haste {unknown}
 k - 2 potions of agility {unknown}
 n - 2 potions of might {unknown}
 p - 2 potions of curing {unknown}
 r - 3 potions of resistance {unknown}
 A - a potion of cure mutation {unknown}
Books
 b - a book of Necromancy

   Spells                             Type                      Level
   a - Pain                           Necromancy                   1
   b - Animate Skeleton               Necromancy                   1
   c - Vampiric Draining              Necromancy                   3
   d - Regeneration                   Charms/Necromancy            3
   e - Animate Dead                   Necromancy                   4
   f - Control Undead                 Necromancy                   4
 v - a book of Changes

   Spells                             Type                      Level
   a - Beastly Appendage              Transmutation                1
   b - Sticks to Snakes               Transmutation                2
   c - Spider Form                    Transmutation/Poison         3
   d - Ice Form                       Ice/Transmutation            4
   e - Blade Hands                    Transmutation                5
Comestibles
 c - 4 bread rations
 g - a slice of pizza
 u - 3 chunks of flesh


   Skills:
 + Level 2.2 Fighting
 + Level 4.2 Dodging
 - Level 2.4 Stealth
 + Level 5.4 Spellcasting
 * Level 7.4 Necromancy


You had 7 spell levels left.
You knew the following spells:

 Your Spells              Type           Power        Failure   Level  Hunger
a - Animate Skeleton      Necr           N/A          1%          1    None
d - Regeneration          Chrm/Necr      ###.......   10%         3    ##.....
s - Vampiric Draining     Necr           #####.....   1%          3    ##.....
z - Pain                  Necr           ####         1%          1    None


Dungeon Overview and Level Annotations

Branches:
Dungeon (4/15)
 Temple: D:4-7

Altars:
Ashenzari
Fedhas
Makhleb
Okawaru
Pakellas
Qazlal
Ru
Vehumet
Xom
Yredelemnul
The Shining One

Shops:
D:4 %

Annotations:
D:4 Blork the orc


Message History

Your jackal skeleton bites Blork the orc.
Blork the orc hits your jackal skeleton with a trident!
Your jackal skeleton is destroyed!
Casting: Pain
Confirm with . or Enter, or press ? or * to list all spells.
Your skin crawls.
You now have 9/16 mp.
Blork the orc hits you with a trident!
* * * LOW HITPOINT WARNING * * *
You take 6 damage, and have 3/35 hp.
Casting: Regeneration
Confirm with . or Enter, or press ? or * to list all spells.
Aiming: Vampiric Draining
Press: ? - help, Shift-Dir - straight line, f/p - Blork the orc
Aim: Blork the orc, wielding a trident and wearing a robe (heavily wounded) Blork the orc is almost dead.
You feel life coursing into your body.
Your skin is crawling a little less now.
Blork the orc hits you with a trident!
You die...

# .# #.# #.# #.#
#.# #.# #.# #.#
#.# #.# #.# #.#
##.## #.# ....##
#.# ##...# #@#
##Z.# #o# #..#
#S# #..# #.#
#..# #.# #..#
..# #..#### ..#
#.....#######.##
##.##Z#.....##


You could see Blork the orc and a ball python.

Vanquished Creatures
  Edmund (D:4)
  An ogre (D:4)
  An orc priest (D:4)
  An orc wizard (D:4)
  An iguana (D:4)
  A worker ant (D:4)
  2 gnolls
  5 adders
  An ooze (D:1)
  2 worms
  5 dart slugs
  3 giant geckos
  10 orcs
  8 bats
  5 giant cockroaches
  5 goblins
  7 hobgoblins
  11 jackals
  5 giant newts
  3 kobolds
  7 rats
85 creatures vanquished.

Vanquished Creatures (collateral kills)
  A giant frog skeleton (D:4)
  A dart slug (D:2)
  An orc (D:4)
  A hobgoblin (D:2)
4 creatures vanquished.

Grand Total: 89 creatures vanquished

Notes
Turn   | Place    | Note
--------------------------------------------------------------
     0 | D:1      | namelastname112 the Deep Elf Necromancer began the quest for the Orb.
     0 | D:1      | Reached XP level 1. HP: 10/10 MP: 6/6
     2 | D:1      | Learned a level 1 spell: Animate Skeleton
   110 | D:1      | Reached skill level 5 in Necromancy
   309 | D:1      | Reached XP level 2. HP: 15/15 MP: 6/8
  1057 | D:2      | Reached XP level 3. HP: 19/19 MP: 8/10
  1062 | D:2      | Learned a level 3 spell: Vampiric Draining
  1066 | D:2      | Learned a level 3 spell: Regeneration
  1118 | D:2      | Found a glowing golden altar of the Shining One.
  1197 | D:2      | Found an oddly glowing altar of Pakellas.
  1198 | D:2      | Found a blossoming altar of Fedhas.
  1505 | D:2      | Found a burning altar of Makhleb.
  1606 | D:2      | Found a shimmering altar of Xom.
  1919 | D:2      | Found a basalt altar of Yredelemnul.
  2062 | D:2      | Noticed an angel
  2118 | D:3      | Found a glowing golden altar of the Shining One.
  2139 | D:3      | Reached skill level 1 in Fighting
  2139 | D:3      | Reached XP level 4. HP: 19/25 MP: 8/12
  2192 | D:3      | Found a stormy altar of Qazlal.
  2238 | D:3      | Found a shattered altar of Ashenzari.
  2238 | D:3      | Found an iron altar of Okawaru.
  2238 | D:3      | Found a radiant altar of Vehumet.
  2711 | D:3      | Reached skill level 6 in Necromancy
  2967 | D:3      | Reached XP level 5. HP: 25/29 MP: 9/13
  3120 | D:4      | Noticed Edmund
  3172 | D:4      | Killed Edmund
  3172 | D:4      | Reached skill level 5 in Spellcasting
  3172 | D:4      | Reached XP level 6. HP: 19/35 MP: 0/15
  3322 | D:4      | Reached skill level 7 in Necromancy
  3730 | D:4      | Found Maad's Food Emporium.
  3945 | D:4      | Found a sacrificial altar of Ru.
  4111 | D:4      | Noticed Blork the orc
  4122 | D:4      | Slain by Blork the orc

Vault maps used:
D:1:      tarquinn_simple_flora_water_e, lemuel_old_faithful
D:2:      lemuel_crystal_altar, gammafunk_temple_overflow_pools,
          grunt_temple_overflow_holy_war, first_bread,
          small_statue_intersection, minmay_misc_feat_encased, xom_teletrap_fun
D:3:      grunt_temple_overflow_open, nicolae_overflow_crystal_walls,
          minmay_misc_feat_roman, tso_metal_star
D:4:      nicolae_overflow_hidden_temple, serial_shops, kennysheep_little_box,
          uniq_edmund, uniq_blork_the_orc

Skill      XL: |  1  2  3  4  5  6 |
---------------+-------------------+-----
Necromancy     | 5 6 7 |  7.4
Spellcasting   | 4 5 |  5.4
Fighting       | 1 2 |  2.2
Dodging        | 3 4 |  4.2
Stealth        | |  2.4

Action                   |  1- 3 |  4- 6 || total
-------------------------+-------+-------++-------
Melee: Dagger            |     1 |    21 ||    22
       Flail             |       |     4 ||     4
 Cast: Pain              |    70 |    87 ||   157
       Animate Skeleton  |     8 |    22 ||    30
       Vampiric Draining |     1 |    11 ||    12
       Regeneration      |       |     1 ||     1
  Use: Scroll            |       |     2 ||     2
  Eat: Chunk             |     3 |     7 ||    10
Armor: Robe              |     5 |     6 ||    11
Dodge: Dodged            |     8 |    46 ||    54
